 Dungeon Crawl Stone Soup version 0.23.1-37-gaa34b87b72 (webtiles) character file.

Game seed: 0

388056 Peloso the Minotaur Barricade (level 22, -3/211 HPs)
             Began as a Minotaur Fighter on Mar 19, 2019.
             Was the Champion of Okawaru.
             Killed by the air
             ... invoked by a titan
              (34 damage)
             ... on level 4 of the Vaults on Mar 20, 2019.
             The game lasted 02:47:35 (50396 turns).

Peloso the Minotaur Barricade (Minotaur Fighter)   Turns: 50396, Time: 02:47:35

Health: -3/211     AC: 40    Str: 29    XL:     22   Next: 4%
Magic:  22/22      EV: 15    Int:  7    God:    Okawaru [******]
Gold:   1502       SH: 30    Dex: 19    Spells: 21/21 levels left

rFire    . . .     SeeInvis .   b - +5 demon blade (venom)
rCold    + . .     Gourm    .   J - +2 large shield {AC+3}
rNeg     + + .     Faith    .   L - +14 plate armour of Whack-A-Mole {rElec Int+2}
rPois    +         Spirit   .   i - +0 hat "Logewnogga" {+Inv rN+ rCorr Stlth-}
rElec    +         Reflect  .   v - scarf {cloud immunity}
rCorr    +         Harm     .   E - +0 pair of gloves {Str+3}
MR       ++++.     Clarity  +   y - +2 pair of boots {Fly}
Stlth    ..........             D - amulet of the Four Winds {rN+ MR+++ Clar}
HPRegen  0.45/turn              G - ring of the Raven {rC+ EV+2 Int+2 Dex+4}
MPRegen  0.18/turn              S - ring of Tension {rPois Slay+5}

@: flying
A: retaliatory headbutt, horns 2, dopey 1
}: 2/15 runes: barnacled, gossamer
a: Heroism, Finesse, Renounce Religion, Evoke Invisibility, Stop Flying


You were on level 4 of the Vaults.
You worshipped Okawaru.
Okawaru was exalted by your worship.
You were not hungry.

You visited 8 branches of the dungeon, and saw 39 of its levels.
You visited the Abyss 1 time.
You visited 1 bazaar.
You also visited: Ice Cave.

You collected 4966 gold pieces.
You spent 3464 gold pieces at shops.

Inventory:

Hand Weapons
 a - the +0 double sword of Puweleb {pain, +Fly rElec Str+4}
   (Okawaru gifted it to you on level 2 of the Orcish Mines)

   In the hands of one skilled in necromantic magic, it inflicts extra damage on
   living creatures.
   It affects your strength (+4).
   It insulates you from electricity.
   It lets you fly.
 b - a +5 demon blade of venom (weapon)
 c - a +3 scimitar of flaming
Armour
 e - a +2 hat
 i - the +0 hat "Logewnogga" (worn) {+Inv rN+ rCorr Stlth-}
   (Okawaru gifted it to you on level 3 of the Elven Halls)

   It protects you from negative energy.
   It lets you turn invisible.
   It provides partial protection from all sources of acid and corrosion.
   It makes you less stealthy.
 j - a +0 pair of boots of flying
 v - a scarf of cloud immunity (worn)
 y - a +2 pair of boots of flying (worn)
 E - a +0 pair of gloves of strength (worn)
 I - a +0 cloak of poison resistance
 J - a +2 large shield of protection (worn)
 L - the +14 plate armour of Whack-A-Mole (worn) {rElec Int+2}
   (You bought it in a shop on level 11 of the Dungeon)

   It affects your intelligence (+2).
   It insulates you from electricity.
 U - a +0 large shield of resistance
Jewellery
 q - a +5 amulet of reflection
 u - a +4 amulet of reflection
 w - an uncursed ring of protection from magic
 x - an uncursed ring of stealth
 z - an uncursed ring of protection from fire
 D - the amulet of the Four Winds (around neck) {rN+ MR+++ Clar}
   (You bought it in a shop in a bazaar)

   [amulet of nothing]

   It protects you from negative energy.
   It affects your resistance to hostile enchantments.
   It protects you against confusion.
 G - the ring of the Raven (left hand) {rC+ EV+2 Int+2 Dex+4}
   (You bought it in a shop on level 2 of the Orcish Mines)

   [ring of evasion]

   It affects your evasion (+2).
   It affects your intelligence (+2).
   It affects your dexterity (+4).
   It protects you from cold.
 S - the ring of Tension (right hand) {rPois Slay+5}
   (You found it on level 2 of the Elven Halls)

   [ring of slaying]

   It affects your accuracy and damage with ranged weapons and melee attacks
   (+5).
   It protects you from poison.
Wands
 o - a wand of enslavement (9)
 V - a wand of digging (4)
Scrolls
 k - 15 scrolls of teleportation
 l - 7 scrolls of fog
 m - 6 scrolls of identify
 n - a scroll of noise
 p - 6 scrolls of blinking
 s - 8 scrolls of magic mapping
 t - 7 scrolls of fear
 C - 13 scrolls of remove curse
 M - 2 scrolls of summoning
Potions
 d - 3 potions of might
 h - 5 potions of heal wounds
 r - 4 potions of agility
 A - 16 potions of curing
 F - 4 potions of mutation
 H - 3 potions of berserk rage
 N - 3 potions of resistance
 W - 6 potions of haste
Comestibles
 f - 65 rations
 g - 4 chunks of flesh


   Skills:
 + Level 20.5 Fighting
 + Level 22.3 Long Blades
 + Level 17.3 Armour
 + Level 6.8 Dodging
 + Level 2.6 Stealth
 O Level 27 Shields
 + Level 2.3 Invocations
 + Level 1.5 Evocations


You had 21 spell levels left.
You didn't know any spells.
Your spell library contained the following spells:

 Spells                   Type           Power        Failure   Level  Hunger
 Animate Skeleton         Necr           N/A          93%         1    ##.....
 Apportation              Tloc           #.....       93%         1    ##.....
 Beastly Appendage        Tmut           #.....       93%         1    ##.....
 Confusing Touch          Hex            #.....       93%         1    ##.....
 Corona                   Hex            #......      93%         1    ##.....
 Flame Tongue             Conj/Fire      #....        93%         1    ##.....
 Magic Dart               Conj           #...         93%         1    ##.....
 Sandblast                Erth           #.....       93%         1    ##.....
 Sting                    Conj/Pois      #...         93%         1    ##.....
 Summon Butterflies       Summ           #.......     93%         1    ##.....
 Summon Small Mammal      Summ           #...         93%         1    ##.....
 Blink                    Tloc           N/A          98%         2    ###....
 Call Imp                 Summ           #.......     98%         2    ###....
 Ensorcelled Hibernation  Hex/Ice        #.....       98%         2    ###....
 Passwall                 Tmut/Erth      #.......     98%         2    ###....
 Searing Ray              Conj           #.....       98%         2    ###....
 Shroud of Golubria       Chrm/Tloc      #.........   98%         2    ###....
 Slow                     Hex            #.......     98%         2    ###....
 Sticks to Snakes         Tmut           #.......     98%         2    ###....
 Throw Flame              Conj/Fire      #.....       98%         2    ###....
 Call Canine Familiar     Summ           #.......     100%        3    ####...
 Confuse                  Hex            #.......     100%        3    ####...
 Conjure Flame            Conj/Fire      #.......     100%        3    ####...
 Dazzling Spray           Conj/Hex       #.....       100%        3    ####...
 Gell's Gravitas          Tloc           #.........   100%        3    ####...
 Ignite Poison            Fire/Tmut/Pois #.......     100%        3    ####...
 Inner Flame              Hex/Fire       #.......     100%        3    ####...
 Lesser Beckoning         Tloc           #.........   100%        3    ####...
 Mephitic Cloud           Conj/Pois/Air  #.......     100%        3    ####...
 Spider Form              Tmut/Pois      #.........   100%        3    ####...
 Stone Arrow              Conj/Erth      #.....       100%        3    ####...
 Teleport Other           Tloc           #.......     100%        3    ####...
 Tukima's Dance           Hex            #.......     100%        3    ####...
 Ice Form                 Ice/Tmut       #.......     100%        4    #####..
 Leda's Liquefaction      Hex/Erth       #.........   100%        4    #####..
 Passage of Golubria      Tloc           N/A          100%        4    #####..
 Petrify                  Tmut/Erth      #.......     100%        4    #####..
 Sticky Flame             Conj/Fire      #.......     100%        4    #####..
 Summon Ice Beast         Ice/Summ       #.......     100%        4    #####..
 Throw Icicle             Conj/Ice       #.......     100%        4    #####..
 Blade Hands              Tmut           #.........   100%        5    ######.
 Bolt of Magma            Conj/Fire/Erth #.........   100%        5    ######.
 Fireball                 Conj/Fire      #.........   100%        5    ######.
 Irradiate                Conj/Tmut      #.........   100%        5    ######.
 Lee's Rapid Deconstruct  Erth           #.........   100%        5    ######.
 Metabolic Englaciation   Hex/Ice        #.........   100%        5    ######.
 Summon Demon             Summ           #.........   100%        5    ######.
 Summon Mana Viper        Hex/Summ       #.......     100%        5    ######.
 Yara's Violent Unravell  Hex/Tmut       #.........   100%        5    ######.
 Bolt of Fire             Conj/Fire      #.........   100%        6    #######
 Iron Shot                Conj/Erth      #.........   100%        6    #######
 Shadow Creatures         Summ           N/A          100%        6    #######
 Statue Form              Tmut/Erth      #........    100%        6    #######
 Haunt                    Necr/Summ      #.........   100%        7    #######
 Orb of Destruction       Conj           #.........   100%        7    #######
 Ring of Flames           Chrm/Fire      #.........   100%        7    #######
 Summon Hydra             Summ           #.........   100%        7    #######
 Borgnjor's Revivificati  Necr           #.........   100%        8    #######
 Death's Door             Chrm/Necr      #.........   100%        8    #######
 Ignition                 Fire           #.........   100%        8    #######
 Infestation              Necr           #.........   100%        8    #######
 Necromutation            Tmut/Necr      #.........   100%        8    #######
 Shatter                  Erth           #.........   100%        9    #######


Dungeon Overview and Level Annotations

Branches:
Dungeon (15/15)            Temple (1/1) D:4            Lair (6/6) D:8
 Shoals (4/4) Lair:3       Spider (4/4) Lair:2        Slime (0/5) Lair:5
    Orc (2/2) D:11            Elf (3/3) Orc:2        Vaults (4/5) D:14
  Crypt (0/3) Vaults:3     Depths (0/5) D:15

Altars:
Ashenzari
Cheibriados
Dithmenos
Elyvilon
Fedhas
Gozag
Hepliaklqana
Kikubaaqudgha
Makhleb
Nemelex Xobeh
Okawaru
Qazlal
Ru
Sif Muna
Trog
Uskayaw
Vehumet
Wu Jian
Xom
Yredelemnul
Zin
The Shining One
Jiyva
Lugonu

Shops:
D:7 %   D:10 :   D:11 [(?   Orc:2 *[=(   Elf:1 %*(   Elf:2 ?


Innate Abilities, Weirdness & Mutations

You reflexively headbutt those who attack you in melee.
You have a pair of horns on your head.
You are dopey. (Int -2)


Message History

You slice the frost giant!!
The frost giant looks as sick as possible!
You headbutt the frost giant!
The frost giant is severely wounded.
You block the vault guard's attack. You block the frost giant's attack.
The titan hits you.
* * * LOW HITPOINT WARNING * * *
The ogre closely misses you. You furiously retaliate!
You headbutt the ogre! You slash the frost giant!
The frost giant looks as sick as possible!
You headbutt the frost giant.
You kill the frost giant!
Okawaru accepts your kill.
The vault sentinel hits you but does no damage.
Unknown command.
You barely miss the titan. You headbutt the titan!
The titan is heavily wounded.
The titan waves its arms in wide circles.
The air twists around and violently strikes you in flight!
You die...

#+## ## #..# ##.
#..# #..
#..#########
#.p#####..#.......#
#.C@))....#.......#
#.pO).....#.......#
#..#####..#.......#
#.. #..#.......#
##. #..+.......# ##
#..#.......#
####.......#
##.#.(.....#
##..'))(....#


You could see a titan, a vault guard, a vault sentinel and an ogre.

Vanquished Creatures
  Arachne (Spider:2)
  Jorgrun (Orc:2)
  An Ice Fiend (IceCv)
  The ghost of chimenez the Severer, an adept OgFi of Okawaru (Shoals:2)
  Asterion (Spider:2)
  3 deep elf blademasters
  3 krakens
  4 deep elf master archers (Elf:3)
  3 tentacled starspawn (Abyss:2)
  Agnes (Spider:4)
  2 sphinxes
  8 deep elf sorcerers
  A fire giant (Vaults:3)
  8 vault wardens
  An orc warlord (Orc:2)
  4 frost giants
  4 emperor scorpions (Spider:4)
  6 ghost moths
  11 deep elf elementalists
  A war gargoyle (Vaults:3)
  12 ironheart preservers
  8 stone giants
  3 entropy weavers
  2 dire elephants (Lair:6)
  3 deep elf demonologists (Elf:3)
  2 spark wasps
  7 deep elf annihilators (Elf:3)
  3 merfolk javelineers (Shoals:4)
  An ettin (Vaults:4)
  4 deep elf death magi (Elf:3)
  8 merfolk impalers
  3 fire dragons
  Josephine (D:15)
  5 yaktaur captains
  3 vault guards
  5 deep elf high priests (Elf:3)
  3 great orbs of eyes
  Fannar (D:11)
  9 hydras
  4 ice dragons
  Erica (D:11)
  4 rakshasas
  An alligator snapping turtle (Shoals:1)
  A catoblepas (Lair:6)
  8 ogre magi
  6 death yaks (Lair:6)
  4 death knights
  2 deep troll earth magi
  7 merfolk avatars
  2 satyrs (Shoals:2)
  8 merfolk aquamancers
  34 two-headed ogres
  8 centaur warriors
  3 tengu warriors
  2 thrashing horrors (Abyss:2)
  A shock serpent (shapeshifter) (D:15)
  A deep troll shaman (Vaults:4)
  31 dancing weapons
  5 orc high priests
  A shadow wraith (Vaults:3)
  A wretched star (Abyss:2)
  9 deep elf knights
  10 skeletal warriors
  8 sea snakes
  5 unseen horrors
  A shadow demon (Abyss:2)
  4 hell knights (Vaults:4)
  16 deep trolls
  7 deep elf archers
  6 wizards
  8 ironbrand convokers
  A lindwurm (Lair:6)
  13 orc knights
  A phantasmal warrior (Vaults:1)
  A necromancer (Vaults:4)
  51 deep elf magi
  28 harpies
  16 orb spiders
  A salamander (shapeshifter) (Vaults:1)
  10 orc sorcerers
  33 wolf spiders
  A harpy (shapeshifter) (Vaults:3)
  28 ugly things
  25 fauns
  A wolf spider zombie (D:14)
  10 cyclopes
  4 oklob plants
  18 manticores
  5 vault sentinels
  A guardian serpent (shapeshifter) (Vaults:1)
  A moth of wrath (Shoals:2)
  A black mamba (shapeshifter) (Vaults:1)
  5 black mambas
  A centaur zombie (D:13)
  12 merfolk sirens
  3 ice statues
  8 elephants (Lair:6)
  An orange demon (Abyss:2)
  5 water nymphs
  A torpor snail (Spider:1)
  2 gargoyles
  6 spiny frogs
  6 freezing wraiths
  2 rime drakes (Lair:6)
  6 centaur skeletons
  10 demonic crawlers
  5 komodo dragons
  An efreet (D:14)
  27 yaktaurs
  An anaconda simulacrum (IceCv)
  11 ice devils (IceCv)
  An ancient zyme (Abyss:2)
  A polar bear (Lair:4)
  A tengu conjurer (D:15)
  22 jumping spiders
  8 trolls
  2 wind drakes
  7 meliai
  A queen bee (Spider:1)
  32 merfolk
  18 hornets
  12 hippogriffs
  A raiju (shapeshifter) (D:15)
  10 snapping turtles
  15 blink frogs
  26 slime creatures
  6 dream sheep
  4 wraiths
  A spriggan (D:11)
  A tarantella (shapeshifter) (Abyss:2)
  A dire elephant simulacrum (IceCv)
  A shadow (D:13)
  3 air elementals (Elf:1)
  65 redbacks
  2 fire elementals (Elf:1)
  A wyvern (D:15)
  22 tarantellas
  A human (D:11)
  52 yaks
  A large abomination (Abyss:2)
  8 water elementals
  A hungry ghost (D:15)
  Eustachio (D:5)
  A basilisk (shapeshifter) (D:15)
  6 basilisks
  A human (shapeshifter) (Vaults:1)
  4 vampire mosquitoes (D:13)
  2 iron troll simulacra (IceCv)
  4 wargs
  A human simulacrum (Vaults:2)
  Edmund (D:4)
  3 harpy simulacra (IceCv)
  3 acid dragons
  3 small abominations
  2 hydra simulacra (IceCv)
  11 water moccasins
  5 ice beasts
  11 porcupines
  2 black bears
  41 orc warriors
  6 sky beasts
  6 boggarts
  34 ogres
  2 phantoms
  2 ettin simulacra
  An eye of draining (D:12)
  26 wolves
  29 centaurs
  8 crocodiles
  A big kobold (D:5)
  20 bullfrogs
  A gnoll sergeant (D:6)
  2 wyvern zombies (D:14)
  3 earth elementals
  A scorpion (D:9)
  A water moccasin skeleton (D:7)
  6 wights
  17 killer bees
  5 howler monkeys
  8 electric eels
  A bullfrog zombie (D:13)
  4 crimson imps
  A quasit (D:6)
  5 starcursed masses (Abyss:2)
  A hound (shapeshifter) (Vaults:1)
  6 hounds
  6 jellies
  Crazy Yiuf (D:7)
  30 orc priests
  An iron imp (D:7)
  A bullfrog skeleton (D:13)
  21 orc wizards
  3 iguanas
  15 worker ants
  A killer bee zombie (D:9)
  2 worker ant zombies
  4 river rats (D:7)
  16 adders
  14 gnolls
  6 shadow imps
  2 ufetubi (Abyss:2)
  2 oozes
  An adder zombie (D:7)
  4 adder skeletons
  7 worms
  3 dart slugs
  5 leopard geckos
  83 orcs
  5 giant cockroaches
  5 goblins
  9 hobgoblins
  9 jackals
  5 quokkas
  4 bats
  6 frilled lizards
  22 kobolds
  A quokka skeleton (D:7)
  6 rats
  A bush (Lair:6)
  2 crawling corpses (Elf:3)
  2 fungi (D:7)
  14 plants
  6 tentacles
1671 creatures vanquished.

Vanquished Creatures (others)
  Nessos (Orc:2)
  2 merfolk javelineers
  A centaur warrior (D:15)
  2 satyrs
  A deep elf archer (Vaults:2)
  A deep elf mage (Elf:1)
  2 fauns (Shoals:2)
  A cyclops (Shoals:4)
  A boggart (Vaults:3)
  5 centaurs
  An orc (Orc:1)
  14 fungi
  22 plants
  8 starspawn tentacles (Abyss:2)
  25 tentacles
87 creatures vanquished.

Grand Total: 1758 creatures vanquished

Notes
Turn   | Place    | Note
-------+----------+-------------------------------------------
     0 | D:1      | Peloso the Minotaur Fighter began the quest for the Orb.
     0 | D:1      | Reached XP level 1. HP: 19/19 MP: 0/0
   162 | D:1      | Reached XP level 2. HP: 19/27 MP: 1/1
   460 | D:1      | Reached skill level 4 in Shields
   635 | D:2      | Reached XP level 3. HP: 10/33 MP: 2/2
  1162 | D:2      | Reached XP level 4. HP: 38/40 MP: 3/3
  1276 | D:2      | Found a blossoming altar of Fedhas.
  1278 | D:2      | Found an ancient bone altar of Kikubaaqudgha.
  1662 | D:2      | Found a glowing golden altar of the Shining One.
  2035 | D:3      | Reached XP level 5. HP: 44/46 MP: 4/4
  2339 | D:3      | Found a shattered altar of Ashenzari.
  2339 | D:3      | Found a shadowy altar of Dithmenos.
  2340 | D:3      | Found a white marble altar of Elyvilon.
  2342 | D:3      | Found a basalt altar of Yredelemnul.
  2344 | D:3      | Found a hide-covered altar of Uskayaw.
  2676 | D:3      | Found a hazy altar of Hepliaklqana.
  2712 | D:4      | Found a stormy altar of Qazlal.
  2740 | D:4      | Reached skill level 5 in Armour
  2745 | D:4      | Reached skill level 5 in Shields
  2745 | D:4      | Reached XP level 6. HP: 40/55 MP: 5/5
  2842 | D:4      | Reached skill level 5 in Long Blades
  2857 | D:4      | Reached skill level 1 in Dodging
  3115 | D:4      | Reached skill level 5 in Fighting
  3123 | D:4      | Found a staircase to the Ecumenical Temple.
  3184 | D:4      | HP: 2/56 [poisoned by a gnoll]
  3192 | D:4      | HP: 2/56 [poisoned by a gnoll]
  3505 | Temple   | Entered the Ecumenical Temple
  3534 | Temple   | Became a worshipper of Warmaster Okawaru
  3638 | D:4      | Reached XP level 7. HP: 47/61 MP: 6/6
  3730 | D:4      | Noticed Edmund
  3753 | D:4      | Killed Edmund
  3753 | D:4      | Reached skill level 6 in Shields
  3889 | D:4      | Found a sparkling altar of Nemelex Xobeh.
  4119 | D:5      | Entered Level 5 of the Dungeon
  4298 | D:5      | Got a spiked chain mail
  4309 | D:5      | Identified the +1 chain mail of Hedging {rElec Regen+ Dex+3
                  | SInv} (You found it on level 5 of the Dungeon)
  4408 | D:5      | Reached * piety under Okawaru
  4408 | D:5      | Reached XP level 8. HP: 64/70 MP: 7/7
  4453 | D:5      | Found a sacrificial altar of Ru.
  4625 | D:5      | Reached skill level 7 in Shields
  4654 | D:5      | Found a bloodstained altar of Trog.
  4714 | D:5      | Noticed Eustachio
  4753 | D:5      | Killed Eustachio
  4973 | D:6      | Reached skill level 8 in Shields
  5121 | D:6      | Reached ** piety under Okawaru
  5311 | D:6      | Found a deep blue altar of Sif Muna.
  5424 | D:6      | Reached XP level 9. HP: 70/75 MP: 8/8
  5431 | D:6      | Reached skill level 9 in Shields
  5536 | D:6      | Found a burning altar of Makhleb.
  5827 | D:7      | Found Kythro's Food Shop.
  5846 | D:7      | You fall through a shaft for 2 floors!
  5999 | D:9      | Reached *** piety under Okawaru
  6181 | D:9      | Noticed a troll
  6220 | D:9      | Killed a troll
  6220 | D:9      | Reached skill level 10 in Shields
  6462 | D:8      | Found a staircase to the Lair.
  6581 | D:8      | Reached skill level 10 in Long Blades
  6595 | D:8      | Reached **** piety under Okawaru
  6595 | D:8      | Reached XP level 10. HP: 68/86 MP: 9/9
  7026 | D:7      | Found a radiant altar of Vehumet.
  7271 | D:7      | Found a snail-covered altar of Cheibriados.
  7381 | D:7      | Found a runed translucent door.
  7382 | D:7      | Noticed Crazy Yiuf
  7390 | D:7      | Killed Crazy Yiuf
  7563 | D:10     | Entered Level 10 of the Dungeon
  7571 | D:10     | Noticed a two-headed ogre
  7576 | D:10     | Killed a two-headed ogre
  7576 | D:10     | Reached skill level 11 in Shields
  7588 | D:10     | Noticed a green ugly thing
  7609 | D:10     | Killed a green ugly thing
  7642 | D:10     | Noticed a two-headed ogre
  7649 | D:10     | Killed a two-headed ogre
  7649 | D:10     | Reached ***** piety under Okawaru
  7788 | D:10     | Reached skill level 12 in Shields
  7927 | D:10     | Reached XP level 11. HP: 34/94 MP: 10/10
  8014 | D:10     | Found Tuev's Book Boutique.
  8657 | D:11     | Noticed a red ugly thing
  8669 | D:11     | Killed a red ugly thing
  8669 | D:11     | Received a gift from Okawaru
  8727 | D:11     | Noticed Fannar
  8728 | D:11     | Noticed Erica
  8761 | D:11     | Killed Erica
  8774 | D:11     | Killed Fannar
  8946 | D:11     | Reached skill level 13 in Shields
  8951 | D:11     | Found Pusoum's Antique Armour Emporium.
  9007 | D:11     | Found a staircase to the Orcish Mines.
  9241 | D:11     | Noticed a brown ugly thing
  9246 | D:11     | Killed a brown ugly thing
  9246 | D:11     | Reached skill level 1 in Invocations
  9260 | D:11     | Noticed a cyan ugly thing
  9261 | D:11     | Found Pev Kot's Magic Scroll Boutique.
  9271 | D:11     | Killed a cyan ugly thing
  9283 | D:11     | Bought a scroll of random uselessness for 16 gold pieces
  9387 | D:11     | Noticed an unseen horror
  9393 | D:11     | Killed an unseen horror
  9399 | D:11     | Found Xasanoklis's Weapon Shoppe.
  9641 | D:12     | Reached skill level 1 in Stealth
  9686 | D:12     | Found an opulent altar of Gozag.
  9770 | D:12     | Reached XP level 12. HP: 106/106 MP: 0/11
  9811 | D:12     | Reached skill level 10 in Armour
 10040 | Orc:1    | Entered Level 1 of the Orcish Mines
 10044 | Orc:1    | Paralysed by an orc sorcerer for 6 turns
 10090 | Orc:1    | Reached ****** piety under Okawaru
 10243 | Orc:2    | Entered Level 2 of the Orcish Mines
 10372 | Orc:2    | Reached skill level 10 in Fighting
 10411 | Orc:2    | Noticed an orc high priest
 10421 | Orc:2    | Killed an orc high priest
 10427 | Orc:2    | Received a gift from Okawaru
 10432 | Orc:2    | Got a faintly glowing double sword {god gift}
 10438 | Orc:2    | Identified the +0 double sword of Puweleb {pain, +Fly rElec
                  | Str+4} (Okawaru gifted it to you on level 2 of the Orcish
                  | Mines)
 10528 | Orc:2    | Noticed an orc high priest
 10540 | Orc:2    | Killed an orc high priest
 10548 | Orc:2    | Noticed an orc warlord
 10564 | Orc:2    | Killed an orc warlord
 10604 | Orc:2    | Noticed an orc high priest
 10615 | Orc:2    | HP: 2/107 [orc warrior/+0 mace (7)]
 10618 | Orc:2    | Killed an orc high priest
 10630 | Orc:2    | Reached skill level 14 in Shields
 10896 | Orc:2    | Noticed an orc high priest
 10904 | Orc:2    | Paralysed by an orc sorcerer for 3 turns
 11075 | Orc:2    | Paralysed by an orc sorcerer for 6 turns
 11088 | Orc:2    | Killed an orc high priest
 11346 | D:11     | Bought a bloodstained plate armour for 1008 gold pieces
 11361 | D:11     | Identified the +14 plate armour of Whack-A-Mole {rElec
                  | Int+2} (You bought it in a shop on level 11 of the Dungeon)
 11427 | Lair:1   | Entered Level 1 of the Lair of Beasts
 11436 | Lair:1   | Reached skill level 15 in Long Blades
 11441 | Lair:1   | Received a gift from Okawaru
 11453 | Lair:1   | Got a dazzling dire flail {god gift}
 11734 | Lair:1   | Reached XP level 13. HP: 114/115 MP: 13/13
 12399 | Lair:2   | Received a gift from Okawaru
 12796 | Lair:2   | Found a hole to the Spider Nest.
 13269 | Lair:3   | Received a gift from Okawaru
 13600 | Lair:3   | Found a staircase to the Shoals.
 14285 | Lair:4   | Reached skill level 15 in Shields
 15488 | Lair:5   | Found a staircase to the Slime Pits.
 15490 | Lair:5   | Found a viscous altar of Jiyva.
 15692 | Lair:5   | Reached skill level 1 in Evocations
 16007 | Lair:5   | Reached XP level 14. HP: 126/126 MP: 14/14
 16802 | Lair:6   | Entered Level 6 of the Lair of Beasts
 16992 | Lair:6   | Received a gift from Okawaru
 18190 | Lair:6   | Reached skill level 16 in Shields
 18211 | Lair:6   | Received a gift from Okawaru
 19785 | D:13     | Received a gift from Okawaru
 20020 | D:13     | Cast into level 2 of the Abyss (a wizard)
 20251 | Abyss:2  | Noticed a tentacled starspawn
 20258 | Abyss:2  | Noticed a tentacled starspawn
 20260 | Abyss:2  | Killed a tentacled starspawn
 20281 | Abyss:2  | Killed a tentacled starspawn
 20312 | Abyss:2  | Noticed a tentacled starspawn
 20326 | Abyss:2  | Killed a tentacled starspawn
 20326 | Abyss:2  | Reached XP level 15. HP: 77/137 MP: 15/15
 20385 | Abyss:2  | Paralysed by accursed screaming for 1 turns
 20393 | Abyss:2  | Paralysed by accursed screaming for 1 turns
 20432 | D:13     | Escaped the Abyss
 20439 | D:13     | Received a gift from Okawaru
 20880 | Orc:2    | Noticed Jorgrun
 20900 | Orc:2    | Killed Jorgrun
 20900 | Orc:2    | Reached skill level 17 in Shields
 21246 | Orc:2    | Noticed Nessos
 21262 | Orc:2    | Killed Nessos
 21502 | Orc:2    | Found Jabri's General Store.
 21503 | Orc:2    | Found Zyqasel's Jewellery Shop.
 21504 | Orc:2    | Found Cyowoinau's Antique Armour Shop.
 21504 | Orc:2    | Found Foalebio's Antique Weapon Boutique.
 21519 | Orc:2    | Bought the ring of the Raven {rC+ EV+2 Int+2 Dex+4} for 366
                  | gold pieces
 21520 | Orc:2    | Bought a scroll of identify for 24 gold pieces
 21528 | Orc:2    | Bought a glowing cloak for 180 gold pieces
 21815 | Orc:2    | Found a staircase to the Elven Halls.
 22658 | D:14     | Received a gift from Okawaru
 22829 | D:14     | Found a gate to the Vaults.
 22932 | D:14     | Found a blossoming altar of Fedhas.
 23643 | D:15     | Entered Level 15 of the Dungeon
 23707 | D:15     | Reached skill level 15 in Fighting
 23747 | D:15     | Paralysed by an ogre mage for 5 turns
 24146 | D:15     | Found a staircase to the Depths.
 24263 | D:15     | Reached skill level 18 in Shields
 24263 | D:15     | Reached XP level 16. HP: 109/149 MP: 16/16
 24351 | D:15     | Noticed Josephine
 24367 | D:15     | Received a gift from Okawaru
 24383 | D:15     | Killed Josephine
 24737 | D:15     | Reached skill level 5 in Dodging
 25564 | Shoals:1 | Entered Level 1 of the Shoals
 25580 | Shoals:1 | Found a frozen archway.
 25818 | IceCv    | Entered an ice cave
 26210 | IceCv    | Noticed an Ice Fiend
 26219 | IceCv    | Killed an Ice Fiend
 26748 | Shoals:1 | Reached skill level 19 in Shields
 26803 | Shoals:1 | Received a gift from Okawaru
 26804 | Shoals:1 | Noticed a kraken
 26845 | Shoals:1 | Killed a kraken
 27987 | Spider:1 | Entered Level 1 of the Spider Nest
 28056 | Spider:1 | Received a gift from Okawaru
 28607 | Spider:1 | Reached XP level 17. HP: 135/158 MP: 17/17
 28908 | Spider:2 | Reached skill level 20 in Shields
 29028 | Spider:2 | Noticed Asterion
 29042 | Spider:2 | Gained mutation: You are dopey. (Int -2) [a cacodemon]
 29055 | Spider:2 | Killed Asterion
 29159 | Spider:2 | Reached skill level 15 in Armour
 29261 | Spider:2 | Noticed Arachne
 29277 | Spider:2 | Killed Arachne
 30118 | Spider:3 | Received a gift from Okawaru
 31188 | Spider:4 | Entered Level 4 of the Spider Nest
 31472 | Spider:3 | Reached skill level 21 in Shields
 31567 | Spider:4 | Noticed Agnes
 31584 | Spider:4 | Killed Agnes
 32237 | Spider:4 | Received a gift from Okawaru
 32383 | Spider:4 | Reached XP level 18. HP: 98/168 MP: 0/18
 32673 | Spider:4 | Got a gossamer rune of Zot
 32884 | Shoals:2 | Found a flickering gateway to a bazaar.
 32938 | Bazaar   | Entered a bazaar
 32939 | Bazaar   | Found Upluewed's Weapon Shoppe.
 32943 | Bazaar   | Found Ithawn's Armour Boutique.
 32948 | Bazaar   | Found Adumaq's Assorted Antiques.
 32957 | Bazaar   | Bought a bloodstained large shield for 218 gold pieces
 32965 | Bazaar   | Found Inin's Magic Scroll Shop.
 32968 | Bazaar   | Found Ylulus's Jewellery Shop.
 32977 | Bazaar   | Bought the amulet of the Four Winds {rN+ MR+++ Clar} for
                  | 702 gold pieces
 32977 | Bazaar   | Found the amulet of the Four Winds {rN+ MR+++ Clar}
 32989 | Bazaar   | Identified the +2 large shield of Fatink {rF- rC+ rCorr
                  | Dex+3} (You bought it in a shop in a bazaar)
 33070 | Bazaar   | Bought a smoky black potion for 20 gold pieces
 33076 | Bazaar   | Bought a +0 pair of gloves of strength for 115 gold pieces
 33170 | Shoals:2 | Reached skill level 22 in Shields
 33512 | Shoals:2 | Received a gift from Okawaru
 33546 | Shoals:2 | Found a transporter.
 33550 | Shoals:2 | Noticed chimenez's ghost (adept OgFi)
 33568 | Shoals:2 | Found a transporter.
 33676 | Shoals:2 | Killed chimenez's ghost
 33854 | Shoals:2 | Got a smoking bronze amulet
 33860 | Shoals:2 | Got a brightly glowing cloak
 33864 | Shoals:2 | Identified Songem's Volume of Transmutation
 33898 | Shoals:2 | Identified the +0 cloak of Wan Xat {rN+} (You found it on
                  | level 2 of the Shoals)
 33909 | Shoals:2 | Identified the amulet "Icsajuto" {*Slow MR+++ Regen+ MP+9
                  | Dex-3} (You found it on level 2 of the Shoals)
 35228 | Shoals:3 | Received a gift from Okawaru
 35371 | Shoals:4 | Entered Level 4 of the Shoals
 36338 | Shoals:4 | Reached skill level 23 in Shields
 36384 | Shoals:4 | Got a barnacled rune of Zot
 36785 | Shoals:4 | Got a transparent zirconium amulet
 37131 | Lair:1   | Identified the amulet of the Louse {Harm *Drain Str+2} (You
                  | found it on level 4 of the Shoals)
 37414 | Vaults:1 | Entered Level 1 of the Vaults
 37485 | Vaults:1 | Received a gift from Okawaru
 37890 | Elf:1    | Entered Level 1 of the Elven Halls
 37907 | Elf:1    | Reached XP level 19. HP: 177/177 MP: 19/19
 38049 | Elf:1    | Found Tusadiy's General Store.
 38057 | Elf:1    | Bought a scroll of acquirement for 624 gold pieces
 38057 | Elf:1    | Bought a scroll of magic mapping for 42 gold pieces
 38309 | Elf:1    | Received a gift from Okawaru
 38334 | Elf:1    | Got a twisted quarterstaff {god gift}
 38335 | Elf:1    | Identified the +10 quarterstaff of the Establishment
                  | {protect, +Fly rF+ MR+ Int+4} (Okawaru gifted it to you on
                  | level 1 of the Elven Halls)
 38484 | Elf:1    | Found Imel's Food Shoppe.
 38519 | Elf:1    | Identified the Tome of Supportive Combat Magic
 38634 | Elf:1    | Found a runed translucent door.
 38785 | Elf:1    | Found a blossoming altar of Fedhas.
 38868 | Elf:1    | Identified the ring "Ywnuck Jouf" {+Fly rPois}
 38876 | Elf:1    | Identified the ring "Lasal" {MP+9 SInv}
 38917 | Elf:1    | Got a pitted wooden ring
 38920 | Elf:1    | Got a transparent lead ring
 39081 | Elf:1    | Found Kottihiam's Weapon Shoppe.
 39400 | Elf:2    | Found Bucweaw's Magic Scroll Boutique.
 39410 | Elf:2    | Bought a scroll of noise for 13 gold pieces
 39410 | Elf:2    | Bought a scroll of blinking for 97 gold pieces
 39410 | Elf:2    | Bought a scroll of teleportation for 39 gold pieces
 39452 | Elf:2    | Reached skill level 24 in Shields
 39555 | Elf:2    | Found a runed translucent gate.
 39555 | Elf:2    | Found a runed translucent gate.
 39555 | Elf:2    | Found a runed translucent gate.
 39691 | Elf:2    | Received a gift from Okawaru
 39695 | Elf:2    | Got a transparent shield {god gift}
 39721 | Elf:2    | Identified the cursed +1 quarterstaff "Jesam" {crush, Str+4
                  | Stlth-}
 39787 | Elf:2    | Got a coiled pewter ring
 40115 | Lair:1   | Identified the +2 shield of the Pink Corner {Int-2 Dex+4
                  | SInv} (Okawaru gifted it to you on level 2 of the Elven
                  | Halls)
 40138 | Lair:1   | Identified the ring of Suspicion {rF+ Int+5 Slay+2} (You
                  | found it on level 1 of the Elven Halls)
 40149 | Lair:1   | Identified the ring of Tension {rPois Slay+5} (You found it
                  | on level 2 of the Elven Halls)
 40151 | Lair:1   | Identified the ring "Otecsoott" {Ice Int+6 Stlth+} (You
                  | found it on level 1 of the Elven Halls)
 41303 | Elf:3    | Entered Level 3 of the Elven Halls
 42421 | Elf:3    | Received a gift from Okawaru
 42421 | Elf:3    | Reached XP level 20. HP: 135/189 MP: 20/20
 42424 | Elf:3    | Got a steaming hat {god gift}
 42438 | Elf:3    | Identified the +8 chain mail of Tinastyi {Str+3}
 42476 | Elf:3    | Identified the +0 hat "Logewnogga" {+Inv rN+ rCorr Stlth-}
                  | (Okawaru gifted it to you on level 3 of the Elven Halls)
 42537 | Elf:3    | Identified the +7 quarterstaff "Plojy" {holy, -Tele Str+4
                  | Dex+2}
 42810 | Elf:3    | Identified the +7 chain mail of the Lost Path {Int-2 Dex+5}
 42821 | Elf:3    | Reached skill level 25 in Shields
 42871 | Elf:3    | Identified the +9 dagger "Finyug" {holy, *Corrode MR+ Int+5
                  | Stlth+}
 43294 | Elf:3    | Identified Noboidwe's Reference Book on Creation and the
                  | Mountains
 44176 | Elf:3    | Upgraded the game from 0.23.1 to 0.23.1-37-gaa34b87b72
 45038 | Vaults:1 | Received a gift from Okawaru
 45057 | Vaults:1 | Got an encrusted large shield {god gift}
 45068 | Vaults:1 | Identified the +6 large shield of Miracles {rElec Str-5
                  | Int+3} (Okawaru gifted it to you on level 1 of the Vaults)
 46216 | Vaults:1 | Reached skill level 26 in Shields
 46648 | Vaults:2 | Received a gift from Okawaru
 46657 | Vaults:2 | Reached XP level 21. HP: 182/199 MP: 21/21
 46938 | Vaults:2 | Found an opulent altar of Gozag.
 47210 | Vaults:2 | Received a gift from Okawaru
 47644 | Vaults:2 | Received a gift from Okawaru
 48875 | Vaults:3 | Found a staircase to the Crypt.
 48921 | Vaults:3 | Received a gift from Okawaru
 48969 | Vaults:3 | Reached skill level 27 in Shields
 48976 | Vaults:3 | Received a gift from Okawaru
 50327 | Vaults:4 | Received a gift from Okawaru
 50378 | Vaults:4 | Reached XP level 22. HP: 90/211 MP: 22/22
 50383 | Vaults:4 | Received a gift from Okawaru
 50389 | Vaults:4 | HP: 2/211 [titan (20)]
 50396 | Vaults:4 | Killed from afar by a titan

Skill      XL: |  1  2  3  4  5  6  7  8  9 10 11 12 13 14 15 16 17 18 19 20 21 |
---------------+----------------------------------------------------------------+-----
Armour         | 4 5 6 8 9 11 12 13 14 15 16 17 | 17.3
Shields        | 4 5 6 8 10 12 13 14 15 16 18 19 21 23 24 26 27 | 27.0
Long Blades    | 3 4 5 6 8 10 11 13 15 16 17 18 19 20 21 22 | 22.3
Fighting       | 4 5 6 7 8 9 10 12 13 15 16 17 18 19 20 | 20.5
Dodging        | 1 2 3 4 5 6 |  6.8
Invocations    | 1 2 |  2.3
Stealth        | 1 2 |  2.6
Evocations     | 1 |  1.5

Action                   |  1- 3 |  4- 6 |  7- 9 | 10-12 | 13-15 | 16-18 | 19-21 | 22-24 || total
-------------------------+-------+-------+-------+-------+-------+-------+-------+-------++-------
Melee: Long sword        |    93 |   241 |   363 |   453 |       |       |       |       ||  1150
       Headbutt          |    13 |    42 |   122 |   282 |   528 |   656 |   651 |    11 ||  2305
       Scimitar          |       |       |       |   176 |   679 |   215 |       |       ||  1070
       Double sword      |       |       |       |   157 |       |       |       |       ||   157
       Demon blade       |       |       |       |       |   711 |  1703 |  1736 |    15 ||  4165
Invok: Heroism           |       |       |       |    10 |     5 |     8 |     1 |       ||    24
Evoke: Wand              |       |       |       |       |    11 |    10 |     5 |       ||    26
  Use: Scroll            |       |       |     2 |    14 |     8 |    11 |     6 |       ||    41
       Potion            |       |       |       |     4 |     1 |     2 |       |     2 ||     9
 Stab: Distracted        |       |       |       |       |     1 |       |       |       ||     1
  Eat: Chunk             |       |     9 |    10 |    18 |    28 |    33 |    33 |       ||   131
       Ration            |       |       |       |       |     4 |     4 |     2 |       ||    10
Armor: Scale mail        |    29 |       |       |       |       |       |       |       ||    29
       Plate armour      |    24 |   161 |    17 |    19 |   679 |   932 |   423 |     7 ||  2262
       Chain mail        |       |       |   122 |   181 |       |       |       |       ||   303
Dodge: Dodged            |    25 |    30 |    86 |   166 |   426 |   600 |   335 |     4 ||  1672
Block: Shield            |    55 |   133 |   319 |   259 |       |       |       |       ||   766
       Reflection        |       |       |     3 |    13 |    40 |   147 |       |       ||   203
       Buckler           |       |       |       |   263 |   878 |    29 |       |       ||  1170
       Large shield      |       |       |       |       |       |  3006 |  1981 |    24 ||  5011
       Rpst.: Long sword |     7 |     9 |    24 |     6 |       |       |       |       ||    46
       Scimitar          |       |       |       |    17 |    53 |    17 |       |       ||    87
       Double sword      |       |       |       |    15 |       |       |       |       ||    15
       Demon blade       |       |       |       |       |    40 |    71 |    62 |     3 ||   176
